Blues vs Stars (R1)

Created - March 12, 2024 at 21:50

Goals
1 2 3 T
Blues 0 0 2 2
Stars 0 0 0 0
Shots
1 2 3 T
Blues 8 8 11 27
Stars 6 3 13 22

1st period

No Goal

Penalties :
Sidney Crosby (Dal) for Tripping (Minor) at 0:22, Paul Ladue (Dal) for Holding (Minor) at 4:14, Cody Ceci (Stl) for High sticking (Minor) at 8:25, Evgeny Kuznetsov (Dal) for Hooking (Minor) at 12:48, Brian Lee (Dal) for High sticking (Minor) at 18:40

2nd period

No Goal

Penalties :
Scott Kosmachuck (Dal) for Interference (Minor) at 2:23, Filip Forsberg (Stl) for Hooking (Minor) at 6:03, Brandon Montour (Stl) for Hooking (Minor) at 6:44, Sidney Crosby (Dal) for Hooking (Minor) at 14:26

3rd period

1. Blues , Will Butcher 7 (Seth Jones 40, Nathan MacKinnon 42) at 1:23 (PP)
2. Blues , Luke Glendening 7 (Drew Shore 9, Cody Ceci 13) at 19:41 (Empty Net)

Penalties :
Andrej Sustr (Dal) for Roughing (Double Minor) at 0:22, Tobias Rieder (Dal) for Interference (Minor) at 5:14

Goalie Stats

Carey Price (Stl), 22 saves from 22 shots - (1.000), W, 27-14-2, 60:00 minutes
Matt Murray (Dal), 25 saves from 26 shots - (0.962), L, 20-18-4, 59:08 minutes

Players Stats for Blues

Player Name              G  A  P  +/- PIM S  H  SB GA TA FO     MP     PP MP  PK MP  
------------------------------------------------------------------------------------
Adam Henrique            0  0  0   0  0   1  2  0  1  0  5/10   18:01   7:41   0:00 
Brandon Montour          0  0  0   1  2   0  2  0  0  0  0/0    13:39   0:00   0:58 
Cody Ceci                0  1  1   1  2   1  1  0  0  1  0/0    15:57   0:00   1:54 
David Perron             0  0  0   0  0   1  4  0  1  0  0/0     9:26   0:46   0:14 
Devin Shore              0  0  0   0  0   1  0  0  1  0  2/5    10:13   0:46   1:00 
Drew Shore               0  1  1   1  0   0  2  2  0  0  8/11   10:35   0:00   3:05 
Filip Forsberg           0  0  0   0  2   6  1  1  1  1  1/2    21:15   8:26   0:39 
Josh Morrissey           0  0  0   0  0   1  2  0  0  1  0/0    20:44   6:11   2:29 
Luke Glendening          1  0  1   1  0   2  0  0  0  1  0/0     8:18   0:00   0:47 
Marko Dano               0  0  0   0  0   2  2  0  2  1  0/0    18:01   7:41   0:00 
Nathan MacKinnon         0  1  1   0  0   2  0  1  0  0  10/25  20:19   8:26   0:00 
Nick Schmaltz            0  0  0   0  0   0  1  0  0  0  0/1     9:27   1:01   0:00 
Nikolaj Ehlers           0  0  0   0  0   1  0  0  0  0  0/0    18:29   7:06   0:00 
Samuel Morin             0  0  0   1  0   0  2  1  1  0  0/0    10:03   0:00   2:15 
Seth Jones               0  1  1   0  0   2  2  1  0  0  0/0    26:59  10:42   1:33 
Teuvo Teravainen         0  0  0   0  0   4  0  1  1  1  0/0    19:36   8:46   0:00 
Travis Sanheim           0  0  0   0  0   0  0  1  0  1  0/0    17:25   6:11   0:28 
Will Butcher             1  0  1   0  0   3  4  1  1  0  0/0    25:33  10:42   1:55 

Players Stats for Stars

Player Name              G  A  P  +/- PIM S  H  SB GA TA FO     MP     PP MP  PK MP  
------------------------------------------------------------------------------------
Adam Tambellini          0  0  0  -1  0   1  2  0  0  0  0/0     9:45   0:00   1:26 
Alex Chiasson            0  0  0  -1  0   2  2  1  0  0  2/4    15:34   1:48   2:49 
Andrej Sustr             0  0  0  -1  4   0  4  1  2  2  0/0    28:15   2:52   7:54 
Anton Cederholm          0  0  0   0  0   0  0  0  0  0  0/0     0:32   0:00   0:00 
Ben Chiarot              0  0  0   0  0   0  0  1  0  0  0/0    22:11   1:47   6:53 
Brian Lee                0  0  0   0  2   1  1  3  0  2  0/0    26:13   1:47   7:20 
Cam Atkinson             0  0  0   0  0   3  1  0  0  0  1/1    10:04   0:00   0:00 
Evgeny Grachev           0  0  0   0  0   2  3  1  0  0  2/9    17:42   1:48   6:23 
Evgeny Kuznetsov         0  0  0   0  2   0  0  0  0  0  3/6    10:09   0:00   0:00 
Guillaume Latendresse    0  0  0   0  0   1  2  1  0  0  0/0    16:37   1:48   5:21 
Henrik Borgstrom         0  0  0   0  0   1  1  0  0  1  0/0     6:12   0:00   0:00 
Jake Guentzel            0  0  0   0  0   1  3  1  0  1  0/1    24:12   2:51  10:06 
Michael Grabner          0  0  0   0  0   2  3  0  1  1  0/0    13:34   2:51   0:00 
Paul Ladue               0  0  0  -1  2   2  3  3  0  0  0/0    26:18   2:52   9:31 
Scott Kosmachuck         0  0  0   0  2   0  1  0  0  0  0/0     6:17   0:00   0:00 
Sidney Crosby            0  0  0   0  4   3  2  1  0  2  18/31  22:12   2:51   7:41 
Tobias Rieder            0  0  0  -1  2   3  0  0  2  0  2/2    11:00   0:00   0:00 
Tyler Wotherspoon        0  0  0   0  0   0  1  2  2  0  0/0    16:12   0:00   2:08 

3 Stars

1 - Carey Price (Stl)
2 - Will Butcher (Stl)
3 - Luke Glendening (Stl)

Power Play

Blues - 1 on 9 Attempt(s) - 11.11%
Stars - 0 on 3 Attempt(s) - 0.00%

Penalty Kill

Blues - 3 on 3 Attempt(s) - 100.00% - Score 0 goal in Penalty Kill
Stars - 8 on 9 Attempt(s) - 88.89% - Score 0 goal in Penalty Kill

Team Stat

Blues - Hits : 25 - Faceoff Wins : 26 - Blocked Shots : 9 - Penalty Minutes : 6
Stars - Hits : 29 - Faceoff Wins : 28 - Blocked Shots : 15 - Penalty Minutes : 18

Official

Referees : Francois St. Laurent and Beaudry Halkidis
Linesman : David Brisebois and Derek Nansen

Game Notes

Anton Cederholm is injured at 3:38 of 1st period (Separated Right Shoulder)
Luke Glendening has scored in a empty net!

Finance

Level 1 -- Attendance: 6000 (100.00%) -- Ticket Income $600,000
Level 2 -- Attendance: 4730 (94.60%) -- Ticket Income $283,800
Level 3 -- Attendance: 2000 (100.00%) -- Ticket Income $70,000
Level 4 -- Attendance: 4000 (100.00%) -- Ticket Income $100,000
Luxury Box -- Attendance: 967 (96.70%) -- Ticket Income $193,400
Game was played at the American Airlines Center.
Total Attendance: 17697 (98.32%)
Total Ticket Income: $1,247,200
Other Income: $187,080
Total Income: $1,434,280

Blues

5 vs 5 Forward 
   Center                   Left Wing                Right Wing               Time % Phy DF OF 
 1 Nathan MacKinnon         Filip Forsberg           Nikolaj Ehlers           40     0   2  3  
 2 Adam Henrique            Marko Dano               Teuvo Teravainen         30     0   2  3  
 3 Devin Shore              David Perron             Nick Schmaltz            20     1   2  2  
 4 Drew Shore               Samuel Morin             Luke Glendening          10     0   3  2  

5 vs 5 Defense 
   Defense                  Defense                                           Time % Phy DF OF 
 1 Seth Jones               Cody Ceci                                         40     1   2  2  
 2 Will Butcher             Brandon Montour                                   30     1   2  2  
 3 Josh Morrissey           Travis Sanheim                                    20     1   2  2  
 4 Josh Morrissey           Seth Jones                                        10     1   2  2  

PowerPlay Forward 
   Center                   Left Wing                Right Wing               Time % Phy DF OF 
 1 Nathan MacKinnon         Filip Forsberg           Teuvo Teravainen         60     0   2  3  
 2 Adam Henrique            Marko Dano               Nikolaj Ehlers           40     0   2  3  

PowerPlay Defense
   Defense                  Defense                                           Time % Phy DF OF 
 1 Will Butcher             Seth Jones                                        60     0   2  3  
 2 Josh Morrissey           Travis Sanheim                                    40     0   2  3  

Penalty Kill 4 Players Forward 
   Center                   Wing                     Time % Phy DF OF 
 1 Drew Shore               Samuel Morin             60     1   3  1  
 2 Devin Shore              Luke Glendening          40     1   3  1  

Penalty Kill 4 Players Defense
   Defense                  Defense                  Time % Phy DF OF 
 1 Cody Ceci                Josh Morrissey           60     1   2  2  
 2 Seth Jones               Brandon Montour          40     1   2  2  

Penalty Kill - 3 Players Forward 
   Forward                                           Time % Phy DF OF 
 1 Drew Shore                                        60     1   2  2  
 2 Devin Shore                                       40     1   2  2  

Penalty Kill - 3 Players Defense
   Defense                  Defense                  Time % Phy DF OF 
 1 Cody Ceci                Brandon Montour          60     1   2  2  
 2 Seth Jones               Josh Morrissey           40     1   2  2  

4 vs 4 Forward 
   Center                   Wing                     Time % Phy DF OF 
 1 Adam Henrique            Filip Forsberg           60     1   2  2  
 2 Nathan MacKinnon         David Perron             40     1   2  2  

4 vs 4 Defense
   Defense                  Defense                  Time % Phy DF OF 
 1 Will Butcher             Brandon Montour          60     1   2  2  
 2 Cody Ceci                Seth Jones               40     1   2  2  

Last Minutes Offensive
   Center                   Left Wing                Right Wing               Defense                  Defense                  
   Nathan MacKinnon         Filip Forsberg           Teuvo Teravainen         Will Butcher             Seth Jones               

Last Minutes Defensive
   Center                   Left Wing                Right Wing               Defense                  Defense                  
   Drew Shore               Samuel Morin             Luke Glendening          Brandon Montour          Cody Ceci                

Goaltenders
Starting : Carey Price              
Backup : Maxime Daigneault        

Extra Forwards
Normal : Nikolaj Ehlers, Samuel Morin, Drew Shore - PP : Marko Dano, Teuvo Teravainen - PK : Filip Forsberg
Extra Defensemen
Normal : Cody Ceci, Travis Sanheim, Will Butcher - PP : Cody Ceci - PK : Will Butcher, Travis Sanheim
Penalty Shots
David Perron, Marko Dano, Filip Forsberg, Teuvo Teravainen, Devin Shore
Custom OT Lines Forwards
Filip Forsberg, Nathan MacKinnon, Teuvo Teravainen, Marko Dano, David Perron, Devin Shore, Drew Shore, Nikolaj Ehlers, Adam Henrique, Nick Schmaltz
Custom OT Lines Defensemen
Seth Jones, Will Butcher, Brandon Montour, Travis Sanheim, Cody Ceci

Scratches
Cody Franson (Healthy)

Stars

5 vs 5 Forward 
   Center                   Left Wing                Right Wing               Time % Phy DF OF 
 1 Sidney Crosby            Jake Guentzel            Michael Grabner          40     1   2  2  
 2 Evgeny Grachev           Guillaume Latendresse    Alex Chiasson            30     1   2  2  
 3 Evgeny Kuznetsov         Tobias Rieder            Cam Atkinson             20     1   2  2  
 4 Henrik Borgstrom         Adam Tambellini          Scott Kosmachuck         10     1   2  2  

5 vs 5 Defense 
   Defense                  Defense                                           Time % Phy DF OF 
 1 Andrej Sustr             Paul Ladue                                        40     1   2  2  
 2 Ben Chiarot              Brian Lee                                         30     1   2  2  
 3 Tyler Wotherspoon        Anton Cederholm                                   20     1   2  2  
 4 Andrej Sustr             Paul Ladue                                        10     1   2  2  

PowerPlay Forward 
   Center                   Left Wing                Right Wing               Time % Phy DF OF 
 1 Sidney Crosby            Jake Guentzel            Michael Grabner          60     0   2  3  
 2 Evgeny Grachev           Guillaume Latendresse    Alex Chiasson            40     0   2  3  

PowerPlay Defense
   Defense                  Defense                                           Time % Phy DF OF 
 1 Andrej Sustr             Paul Ladue                                        60     1   2  2  
 2 Ben Chiarot              Brian Lee                                         40     1   2  2  

Penalty Kill 4 Players Forward 
   Center                   Wing                     Time % Phy DF OF 
 1 Sidney Crosby            Jake Guentzel            60     1   2  2  
 2 Evgeny Grachev           Guillaume Latendresse    40     1   2  2  

Penalty Kill 4 Players Defense
   Defense                  Defense                  Time % Phy DF OF 
 1 Andrej Sustr             Paul Ladue               60     0   3  2  
 2 Ben Chiarot              Brian Lee                40     0   3  2  

Penalty Kill - 3 Players Forward 
   Forward                                           Time % Phy DF OF 
 1 Sidney Crosby                                     60     1   2  2  
 2 Evgeny Grachev                                    40     1   2  2  

Penalty Kill - 3 Players Defense
   Defense                  Defense                  Time % Phy DF OF 
 1 Andrej Sustr             Paul Ladue               60     0   3  2  
 2 Ben Chiarot              Brian Lee                40     0   3  2  

4 vs 4 Forward 
   Center                   Wing                     Time % Phy DF OF 
 1 Sidney Crosby            Jake Guentzel            60     0   2  3  
 2 Evgeny Grachev           Guillaume Latendresse    40     0   2  3  

4 vs 4 Defense
   Defense                  Defense                  Time % Phy DF OF 
 1 Andrej Sustr             Paul Ladue               60     1   2  2  
 2 Ben Chiarot              Brian Lee                40     1   2  2  

Last Minutes Offensive
   Center                   Left Wing                Right Wing               Defense                  Defense                  
   Sidney Crosby            Jake Guentzel            Michael Grabner          Andrej Sustr             Paul Ladue               

Last Minutes Defensive
   Center                   Left Wing                Right Wing               Defense                  Defense                  
   Sidney Crosby            Jake Guentzel            Michael Grabner          Andrej Sustr             Paul Ladue               

Goaltenders
Starting : Matt Murray              
Backup : Jhonas Enroth            

Extra Forwards
Normal : Alex Chiasson, Tobias Rieder, Evgeny Grachev - PP : Alex Chiasson, Tobias Rieder - PK : Alex Chiasson
Extra Defensemen
Normal : Brian Lee, Tyler Wotherspoon, Anton Cederholm - PP : Brian Lee - PK : Brian Lee, Tyler Wotherspoon
Penalty Shots
Sidney Crosby, Michael Grabner, Jake Guentzel, Guillaume Latendresse, Alex Chiasson
Custom OT Lines Forwards
Sidney Crosby, Michael Grabner, Jake Guentzel, Guillaume Latendresse, Alex Chiasson, Tobias Rieder, Evgeny Grachev, Cam Atkinson, Scott Kosmachuck, Evgeny Kuznetsov
Custom OT Lines Defensemen
Andrej Sustr, Paul Ladue, Ben Chiarot, Brian Lee, Tyler Wotherspoon

Scratches
Andrew Ladd (Sprained Right Ankle Injury), Boris Valabik (Torn Left Knee Ligaments Injury)

% Time on Ice - Blues

Lines # - Real PCT - Wanted PCT - Time Play
Normal Forward
1 - 32% - 40% - 12:11
2 - 27% - 30% - 10:21
3 - 22% - 20% - 8:26
4 - 19% - 10% - 7:02
Normal Defense
1 - 38% - 40% - 14:18
2 - 38% - 30% - 14:33
3 - 21% - 20% - 8:09
4 - 3% - 10% - 1:00
PP Forward
1 - 53% - 60% - 8:57
2 - 47% - 40% - 7:56
PP Defense
1 - 63% - 60% - 10:42
2 - 37% - 40% - 6:11
PK Forward
1 - 77% - 60% - 2:34
2 - 23% - 40% - 0:47
PK Defense
1 - 63% - 60% - 2:06
2 - 37% - 40% - 1:15
PK3 Forward
1 - 83% - 60% - 1:05
2 - 17% - 40% - 0:13
PK3 Defense
1 - 77% - 60% - 1:00
2 - 23% - 40% - 0:18
44 Forward
1 - 0% - 60%
2 - 0% - 40%
44 Defense
1 - 0% - 60%
2 - 0% - 40%
Last Minute Offensive  - 0:00
Last Minute Defensive  - 0:28
Total
Forward - 60:00
Defense - 60:00

% Time on Ice - Stars

Lines # - Real PCT - Wanted PCT - Time Play
Normal Forward
1 - 31% - 40% - 11:47
2 - 25% - 30% - 9:28
3 - 27% - 20% - 10:04
4 - 17% - 10% - 6:12
Normal Defense
1 - 32% - 40% - 11:54
2 - 30% - 30% - 11:21
3 - 37% - 20% - 13:58
4 - 1% - 10% - 0:18
PP Forward
1 - 61% - 60% - 2:51
2 - 39% - 40% - 1:48
PP Defense
1 - 62% - 60% - 2:52
2 - 38% - 40% - 1:47
PK Forward
1 - 68% - 60% - 11:32
2 - 32% - 40% - 5:21
PK Defense
1 - 59% - 60% - 10:00
2 - 41% - 40% - 6:53
PK3 Forward
1 - 0% - 60%
2 - 0% - 40%
PK3 Defense
1 - 0% - 60%
2 - 0% - 40%
44 Forward
1 - 0% - 60%
2 - 0% - 40%
44 Defense
1 - 0% - 60%
2 - 0% - 40%
Last Minute Offensive  - 0:57
Last Minute Defensive  - 0:00
Total
Forward - 60:00
Defense - 60:00

Play-by-Play

1st period


0:01 of 1st period - Sidney Crosby wins face-off versus Nathan MacKinnon in neutral zone.
0:04 of 1st period - Seth Jones is hit by Andrej Sustr.
0:22 of 1st period - Minor Penalty to Sidney Crosby for Tripping.
0:23 of 1st period - Nathan MacKinnon wins face-off versus Alex Chiasson in Stars zone.
1:11 of 1st period - Wrist shot by Jake Guentzel.
1:11 of 1st period - Shot Blocked by Filip Forsberg.
1:13 of 1st period - Slapshot by Paul Ladue.
1:13 of 1st period - Shot Misses the Net.
1:15 of 1st period - Slapshot by Paul Ladue.
1:15 of 1st period - Stopped by Carey Price without a rebound.
1:16 of 1st period - Adam Henrique wins face-off versus Evgeny Grachev in Blues zone.
1:20 of 1st period - Off-side.
1:21 of 1st period - Adam Henrique wins face-off versus Alex Chiasson in neutral zone.
1:30 of 1st period - Slapshot by Seth Jones.
1:30 of 1st period - Shot Blocked by Ben Chiarot.
1:32 of 1st period - Snap shot by Seth Jones.
1:32 of 1st period - Stopped by Matt Murray with a rebound.
2:22 of 1st period - Penalty to Sidney Crosby is over, Sidney Crosby is back on ice.
2:28 of 1st period - Sidney Crosby is hit by Josh Morrissey and loses puck.
2:49 of 1st period - Snap shot by Sidney Crosby.
2:49 of 1st period - Stopped by Carey Price with a rebound.
2:51 of 1st period - Slapshot by Brian Lee.
2:51 of 1st period - Shot Misses the Net.
3:37 of 1st period - Anton Cederholm is hit by Will Butcher and loses puck.
3:38 of 1st period - Anton Cederholm from Stars is injured at 3:38 of 1st period (Separated Right Shoulder).
3:39 of 1st period - Nathan MacKinnon wins face-off versus Sidney Crosby in Stars zone.
4:12 of 1st period - Wrist shot by Marko Dano.
4:12 of 1st period - Stopped by Matt Murray with a rebound.
4:14 of 1st period - Minor Penalty to Paul Ladue for Holding.
4:15 of 1st period - Sidney Crosby wins face-off versus Nathan MacKinnon in Stars zone.
4:24 of 1st period - Jake Guentzel is hit by Seth Jones and loses puck.
4:53 of 1st period - Tyler Wotherspoon is hit by Marko Dano and loses puck.
6:14 of 1st period - Penalty to Paul Ladue is over, Paul Ladue is back on ice.
6:25 of 1st period - Devin Shore is hit by Andrej Sustr and loses puck.
6:52 of 1st period - Slapshot by Cam Atkinson.
6:52 of 1st period - Stopped by Carey Price with a rebound.
7:16 of 1st period - Filip Forsberg is hit by Alex Chiasson and loses puck.
7:38 of 1st period - Paul Ladue is hit by Brandon Montour and loses puck.
8:23 of 1st period - Wrist shot by Jake Guentzel.
8:23 of 1st period - Shot Misses the Net.
8:25 of 1st period - Minor Penalty to Cody Ceci for High sticking.
8:26 of 1st period - Drew Shore wins face-off versus Sidney Crosby in Blues zone.
8:35 of 1st period - Josh Morrissey is hit by Michael Grabner and loses puck.
8:58 of 1st period - Josh Morrissey is hit by Evgeny Grachev.
9:42 of 1st period - Icing by Sidney Crosby.
9:43 of 1st period - Drew Shore wins face-off versus Sidney Crosby in Stars zone.
10:25 of 1st period - Penalty to Cody Ceci is over, Cody Ceci is back on ice.
10:42 of 1st period - Slapshot by Tobias Rieder.
10:42 of 1st period - Stopped by Carey Price without a rebound.
10:43 of 1st period - Evgeny Grachev wins face-off versus Adam Henrique in Blues zone.
11:16 of 1st period - Snap shot by Cam Atkinson.
11:16 of 1st period - Stopped by Carey Price without a rebound.
11:17 of 1st period - Evgeny Kuznetsov wins face-off versus Nathan MacKinnon in Blues zone.
12:05 of 1st period - Backhand shot by Filip Forsberg.
12:05 of 1st period - Deflect By Nathan MacKinnon.
12:05 of 1st period - Stopped by Matt Murray with a rebound.
12:48 of 1st period - Minor Penalty to Evgeny Kuznetsov for Hooking.
12:49 of 1st period - Sidney Crosby wins face-off versus Adam Henrique in Stars zone.
12:57 of 1st period - Snap shot by Marko Dano.
12:57 of 1st period - Shot Blocked by Paul Ladue.
12:59 of 1st period - Wrist shot by Teuvo Teravainen.
12:59 of 1st period - Shot Misses the Net.
13:01 of 1st period - Snap shot by Marko Dano.
13:01 of 1st period - Shot Misses the Net.
13:03 of 1st period - Snap shot by Marko Dano.
13:03 of 1st period - Shot Blocked by Jake Guentzel.
13:05 of 1st period - Slapshot by Seth Jones.
13:05 of 1st period - Shot Misses the Net.
13:46 of 1st period - Backhand shot by Teuvo Teravainen.
13:46 of 1st period - Stopped by Matt Murray without a rebound.
13:47 of 1st period - Sidney Crosby wins face-off versus Devin Shore in Stars zone.
14:00 of 1st period - Sidney Crosby is hit by David Perron and loses puck.
14:09 of 1st period - Snap shot by Teuvo Teravainen.
14:09 of 1st period - Stopped by Matt Murray without a rebound.
14:10 of 1st period - Nathan MacKinnon wins face-off versus Evgeny Grachev in Stars zone.
14:48 of 1st period - Penalty to Evgeny Kuznetsov is over, Evgeny Kuznetsov is back on ice.
15:29 of 1st period - Luke Glendening is hit by Evgeny Grachev and loses puck.
15:44 of 1st period - Travis Sanheim is hit by Cam Atkinson and loses puck.
16:18 of 1st period - Cody Ceci is hit by Adam Tambellini and loses puck.
16:38 of 1st period - Teuvo Teravainen is hit by Guillaume Latendresse and loses puck.
16:45 of 1st period - Tyler Wotherspoon is hit by Will Butcher and loses puck.
16:56 of 1st period - Wrist shot by Teuvo Teravainen.
16:56 of 1st period - Stopped by Matt Murray with a rebound.
16:58 of 1st period - Snap shot by Marko Dano.
16:58 of 1st period - Stopped by Matt Murray with a rebound.
17:42 of 1st period - Slapshot by Guillaume Latendresse.
17:42 of 1st period - Stopped by Carey Price with a rebound.
17:59 of 1st period - Slapshot by Evgeny Grachev.
17:59 of 1st period - Shot Misses the Net.
18:05 of 1st period - Slapshot by Marko Dano.
18:05 of 1st period - Deflect By Evgeny Grachev.
18:05 of 1st period - Shot Blocked by Evgeny Grachev.
18:05 of 1st period - Puck is out of play.
18:06 of 1st period - Sidney Crosby wins face-off versus Nathan MacKinnon in Stars zone.
18:12 of 1st period - Seth Jones is hit by Michael Grabner and loses puck.
18:15 of 1st period - Slapshot by Cody Ceci.
18:15 of 1st period - Stopped by Matt Murray without a rebound.
18:16 of 1st period - Nathan MacKinnon wins face-off versus Sidney Crosby in Stars zone.
18:19 of 1st period - Snap shot by Nikolaj Ehlers.
18:19 of 1st period - Shot Misses the Net.
18:40 of 1st period - Minor Penalty to Brian Lee for High sticking.
18:41 of 1st period - Sidney Crosby wins face-off versus Nathan MacKinnon in Stars zone.
19:26 of 1st period - Slapshot by Will Butcher.
19:26 of 1st period - Deflect By Devin Shore.
19:26 of 1st period - Shot Blocked by Tyler Wotherspoon.
19:26 of 1st period - Puck is out of play.
19:27 of 1st period - Alex Chiasson wins face-off versus Nathan MacKinnon in Stars zone.
19:48 of 1st period - Off-side.
19:49 of 1st period - Adam Henrique wins face-off versus Evgeny Grachev in neutral zone.
Goals for this period are 0 for Blues vs 0 for Stars.
Shots for this period are 8 for Blues vs 6 for Stars.

2nd period


0:01 of 2nd period - Sidney Crosby wins face-off versus Nathan MacKinnon in neutral zone.
0:37 of 2nd period - Snap shot by Nikolaj Ehlers.
0:37 of 2nd period - Stopped by Matt Murray without a rebound.
0:38 of 2nd period - Sidney Crosby wins face-off versus Nathan MacKinnon in Stars zone.
0:40 of 2nd period - Penalty to Brian Lee is over, Brian Lee is back on ice.
1:15 of 2nd period - Alex Chiasson is hit by David Perron.
1:29 of 2nd period - Snap shot by Devin Shore.
1:29 of 2nd period - Shot Misses the Net.
1:47 of 2nd period - Nikolaj Ehlers is hit by Sidney Crosby and loses puck.
2:06 of 2nd period - Henrik Borgstrom is hit by Marko Dano and loses puck.
2:23 of 2nd period - Minor Penalty to Scott Kosmachuck for Interference.
2:24 of 2nd period - Sidney Crosby wins face-off versus Nathan MacKinnon in Stars zone.
3:43 of 2nd period - Sidney Crosby is hit by Adam Henrique and loses puck.
4:23 of 2nd period - Penalty to Scott Kosmachuck is over, Scott Kosmachuck is back on ice.
4:38 of 2nd period - Off-side.
4:39 of 2nd period - Cam Atkinson wins face-off versus Devin Shore in neutral zone.
4:42 of 2nd period - David Perron is hit by Brian Lee.
4:51 of 2nd period - Evgeny Kuznetsov is hit by Cody Ceci and loses puck.
4:56 of 2nd period - Snap shot by David Perron.
4:56 of 2nd period - Shot Misses the Net.
5:06 of 2nd period - Evgeny Grachev is hit by Drew Shore and loses puck.
5:27 of 2nd period - Teuvo Teravainen is hit by Jake Guentzel.
5:47 of 2nd period - Tyler Wotherspoon is hit by Filip Forsberg and loses puck.
5:56 of 2nd period - Travis Sanheim is hit by Tyler Wotherspoon and loses puck.
6:03 of 2nd period - Minor Penalty to Filip Forsberg for Hooking.
6:04 of 2nd period - Drew Shore wins face-off versus Sidney Crosby in Blues zone.
6:32 of 2nd period - Off-side.
6:33 of 2nd period - Drew Shore wins face-off versus Evgeny Grachev in neutral zone.
6:36 of 2nd period - Guillaume Latendresse is hit by Drew Shore and loses puck.
6:44 of 2nd period - Minor Penalty to Brandon Montour for Hooking.
6:45 of 2nd period - Sidney Crosby wins face-off versus Drew Shore in Blues zone.
6:59 of 2nd period - Snap shot by Michael Grabner.
6:59 of 2nd period - Stopped by Carey Price without a rebound.
7:00 of 2nd period - Drew Shore wins face-off versus Sidney Crosby in Blues zone.
7:21 of 2nd period - Drew Shore is hit by Paul Ladue and loses puck.
7:44 of 2nd period - Slapshot by Michael Grabner.
7:44 of 2nd period - Stopped by Carey Price without a rebound.
7:45 of 2nd period - Drew Shore wins face-off versus Evgeny Grachev in Blues zone.
7:45 of 2nd period - Drew Shore is hit by Guillaume Latendresse.
8:03 of 2nd period - Penalty to Filip Forsberg is over, Filip Forsberg is back on ice.
8:44 of 2nd period - Penalty to Brandon Montour is over, Brandon Montour is back on ice.
9:16 of 2nd period - Wrist shot by Henrik Borgstrom.
9:16 of 2nd period - Shot Blocked by Travis Sanheim.
9:40 of 2nd period - Slapshot by Travis Sanheim.
9:40 of 2nd period - Shot Blocked by Brian Lee.
9:42 of 2nd period - Wrist shot by Luke Glendening.
9:42 of 2nd period - Stopped by Matt Murray without a rebound.
9:43 of 2nd period - Drew Shore wins face-off versus Evgeny Kuznetsov in Stars zone.
10:50 of 2nd period - Scott Kosmachuck is hit by Seth Jones and loses puck.
11:17 of 2nd period - Snap shot by Cam Atkinson.
11:17 of 2nd period - Shot Misses the Net.
11:19 of 2nd period - Slapshot by Evgeny Kuznetsov.
11:19 of 2nd period - Shot Blocked by Will Butcher.
11:21 of 2nd period - Slapshot by Brian Lee.
11:21 of 2nd period - Stopped by Carey Price without a rebound.
11:22 of 2nd period - Adam Henrique wins face-off versus Sidney Crosby in Blues zone.
13:31 of 2nd period - Slapshot by David Perron.
13:31 of 2nd period - Shot Blocked by Guillaume Latendresse.
13:51 of 2nd period - Snap shot by Nathan MacKinnon.
13:51 of 2nd period - Stopped by Matt Murray with a rebound.
14:07 of 2nd period - Josh Morrissey is hit by Jake Guentzel and loses puck.
14:26 of 2nd period - Minor Penalty to Sidney Crosby for Hooking.
14:27 of 2nd period - Alex Chiasson wins face-off versus Nathan MacKinnon in Stars zone.
15:12 of 2nd period - Alex Chiasson is hit by Adam Henrique.
15:28 of 2nd period - Snap shot by Adam Henrique.
15:28 of 2nd period - Stopped by Matt Murray without a rebound.
15:29 of 2nd period - Nathan MacKinnon wins face-off versus Jake Guentzel in Stars zone.
16:26 of 2nd period - Penalty to Sidney Crosby is over, Sidney Crosby is back on ice.
17:08 of 2nd period - Tyler Wotherspoon is hit by Samuel Morin and loses puck.
17:19 of 2nd period - Brian Lee is hit by Will Butcher and loses puck.
17:30 of 2nd period - Will Butcher is hit by Andrej Sustr and loses puck.
17:41 of 2nd period - Slapshot by Henrik Borgstrom.
17:41 of 2nd period - Shot Blocked by Nathan MacKinnon.
17:53 of 2nd period - Snap shot by Nathan MacKinnon.
17:53 of 2nd period - Shot Misses the Net.
17:55 of 2nd period - Slapshot by Will Butcher.
17:55 of 2nd period - Stopped by Matt Murray without a rebound.
17:56 of 2nd period - Sidney Crosby wins face-off versus Adam Henrique in Stars zone.
18:24 of 2nd period - Snap shot by David Perron.
18:24 of 2nd period - Stopped by Matt Murray with a rebound.
19:11 of 2nd period - Snap shot by Filip Forsberg.
19:11 of 2nd period - Stopped by Matt Murray without a rebound.
19:12 of 2nd period - Sidney Crosby wins face-off versus Nathan MacKinnon in Stars zone.
19:24 of 2nd period - Snap shot by Jake Guentzel.
19:24 of 2nd period - Shot Misses the Net.
19:53 of 2nd period - Wrist shot by Filip Forsberg.
19:53 of 2nd period - Stopped by Matt Murray with a rebound.
19:55 of 2nd period - Snap shot by Will Butcher.
19:55 of 2nd period - Shot Blocked by Paul Ladue.
Goals for this period are 0 for Blues vs 0 for Stars.
Shots for this period are 8 for Blues vs 3 for Stars.

3rd period


0:01 of 3rd period - Filip Forsberg wins face-off versus Sidney Crosby in neutral zone.
0:03 of 3rd period - Seth Jones is hit by Andrej Sustr.
0:22 of 3rd period - Double Minor Penalty to Andrej Sustr for Roughing.
0:23 of 3rd period - Nathan MacKinnon wins face-off versus Sidney Crosby in Stars zone.
0:41 of 3rd period - Off-side.
0:42 of 3rd period - Sidney Crosby wins face-off versus Adam Henrique in neutral zone.
0:59 of 3rd period - Wrist shot by Adam Henrique.
0:59 of 3rd period - Shot Blocked by Paul Ladue.
1:19 of 3rd period - Snap shot by Will Butcher.
1:19 of 3rd period - Stopped by Matt Murray with a rebound.
1:21 of 3rd period - Slapshot by Seth Jones.
1:21 of 3rd period - Stopped by Matt Murray with a rebound.
1:23 of 3rd period - Slapshot by Will Butcher.
1:23 of 3rd period - Goal by Will Butcher - Blues : 1 - Stars : 0.
1:24 of 3rd period - Nathan MacKinnon wins face-off versus Sidney Crosby in neutral zone.
1:27 of 3rd period - Snap shot by Seth Jones.
1:27 of 3rd period - Shot Misses the Net.
1:29 of 3rd period - Slapshot by Will Butcher.
1:29 of 3rd period - Shot Blocked by Sidney Crosby.
1:31 of 3rd period - Snap shot by Seth Jones.
1:31 of 3rd period - Shot Misses the Net.
1:33 of 3rd period - Slapshot by Filip Forsberg.
1:33 of 3rd period - Shot Blocked by Brian Lee.
1:35 of 3rd period - Snap shot by Filip Forsberg.
1:35 of 3rd period - Shot Misses the Net.
1:37 of 3rd period - Slapshot by Filip Forsberg.
1:37 of 3rd period - Stopped by Matt Murray with a rebound.
1:39 of 3rd period - Slapshot by Will Butcher.
1:39 of 3rd period - Deflect By Teuvo Teravainen.
1:39 of 3rd period - Stopped by Matt Murray without a rebound.
1:40 of 3rd period - Sidney Crosby wins face-off versus Nathan MacKinnon in Stars zone.
3:23 of 3rd period - Penalty to Andrej Sustr is over, Andrej Sustr is back on ice.
3:28 of 3rd period - Icing by Nathan MacKinnon.
3:29 of 3rd period - Nathan MacKinnon wins face-off versus Evgeny Kuznetsov in Blues zone.
3:42 of 3rd period - Wrist shot by Evgeny Grachev.
3:42 of 3rd period - Stopped by Carey Price with a rebound.
4:12 of 3rd period - Wrist shot by Tobias Rieder.
4:12 of 3rd period - Stopped by Carey Price without a rebound.
4:13 of 3rd period - Sidney Crosby wins face-off versus Filip Forsberg in Blues zone.
5:03 of 3rd period - Snap shot by Tobias Rieder.
5:03 of 3rd period - Shot Misses the Net.
5:14 of 3rd period - Minor Penalty to Tobias Rieder for Interference.
5:15 of 3rd period - Sidney Crosby wins face-off versus Nathan MacKinnon in Stars zone.
5:26 of 3rd period - Snap shot by Filip Forsberg.
5:26 of 3rd period - Stopped by Matt Murray with a rebound.
5:28 of 3rd period - Wrist shot by Filip Forsberg.
5:28 of 3rd period - Stopped by Matt Murray without a rebound.
5:29 of 3rd period - Nathan MacKinnon wins face-off versus Sidney Crosby in Stars zone.
7:14 of 3rd period - Penalty to Tobias Rieder is over, Tobias Rieder is back on ice.
7:22 of 3rd period - Evgeny Kuznetsov is hit by David Perron and loses puck.
7:48 of 3rd period - Seth Jones is hit by Scott Kosmachuck and loses puck.
8:17 of 3rd period - Brandon Montour is hit by Alex Chiasson and loses puck.
8:30 of 3rd period - Guillaume Latendresse is hit by David Perron and loses puck.
8:46 of 3rd period - Wrist shot by Tobias Rieder.
8:46 of 3rd period - Stopped by Carey Price with a rebound.
8:48 of 3rd period - Wrist shot by Evgeny Kuznetsov.
8:48 of 3rd period - Shot Blocked by Seth Jones.
8:50 of 3rd period - Slapshot by Paul Ladue.
8:50 of 3rd period - Deflect By Cam Atkinson.
8:50 of 3rd period - Stopped by Carey Price with a rebound.
9:10 of 3rd period - Drew Shore is hit by Sidney Crosby and loses puck.
10:01 of 3rd period - Alex Chiasson is hit by Nick Schmaltz and loses puck.
10:15 of 3rd period - Off-side.
10:16 of 3rd period - Drew Shore wins face-off versus Sidney Crosby in neutral zone.
10:19 of 3rd period - Jake Guentzel is hit by Samuel Morin and loses puck.
10:30 of 3rd period - Luke Glendening is hit by Michael Grabner and loses puck.
10:43 of 3rd period - Travis Sanheim is hit by Evgeny Grachev and loses puck.
10:54 of 3rd period - Wrist shot by Alex Chiasson.
10:54 of 3rd period - Stopped by Carey Price with a rebound.
10:56 of 3rd period - Snap shot by Evgeny Grachev.
10:56 of 3rd period - Stopped by Carey Price with a rebound.
11:05 of 3rd period - Travis Sanheim is hit by Adam Tambellini and loses puck.
11:32 of 3rd period - Snap shot by Devin Shore.
11:32 of 3rd period - Deflect By David Perron.
11:32 of 3rd period - Shot Blocked by Tyler Wotherspoon.
11:32 of 3rd period - Puck is out of play.
11:33 of 3rd period - Devin Shore wins face-off versus Evgeny Grachev in Stars zone.
11:38 of 3rd period - Wrist shot by Devin Shore.
11:38 of 3rd period - Stopped by Matt Murray without a rebound.
11:39 of 3rd period - Evgeny Grachev wins face-off versus Nathan MacKinnon in Stars zone.
11:39 of 3rd period - Evgeny Grachev is hit by Will Butcher.
11:55 of 3rd period - Snap shot by Nathan MacKinnon.
11:55 of 3rd period - Shot Misses the Net.
12:09 of 3rd period - Snap shot by Marko Dano.
12:09 of 3rd period - Shot Blocked by Brian Lee.
12:40 of 3rd period - Wrist shot by Adam Tambellini.
12:40 of 3rd period - Deflect By Henrik Borgstrom.
12:40 of 3rd period - Stopped by Carey Price without a rebound.
12:41 of 3rd period - Sidney Crosby wins face-off versus Nathan MacKinnon in Blues zone.
13:12 of 3rd period - Slapshot by Brian Lee.
13:12 of 3rd period - Deflect By Guillaume Latendresse.
13:12 of 3rd period - Shot Misses the Net.
13:12 of 3rd period - Puck is out of play.
13:13 of 3rd period - Adam Henrique wins face-off versus Sidney Crosby in Blues zone.
13:24 of 3rd period - Snap shot by Adam Henrique.
13:24 of 3rd period - Shot Misses the Net.
13:40 of 3rd period - Jake Guentzel is hit by Josh Morrissey and loses puck.
14:03 of 3rd period - Snap shot by Filip Forsberg.
14:03 of 3rd period - Stopped by Matt Murray without a rebound.
14:04 of 3rd period - Nathan MacKinnon wins face-off versus Evgeny Grachev in Stars zone.
14:05 of 3rd period - Snap shot by Filip Forsberg.
14:05 of 3rd period - Shot Misses the Net.
14:13 of 3rd period - Nikolaj Ehlers is hit by Paul Ladue and loses puck.
15:40 of 3rd period - Wrist shot by Jake Guentzel.
15:40 of 3rd period - Stopped by Carey Price without a rebound.
15:41 of 3rd period - Sidney Crosby wins face-off versus Drew Shore in Blues zone.
15:42 of 3rd period - Wrist shot by Michael Grabner.
15:42 of 3rd period - Shot Misses the Net.
15:44 of 3rd period - Snap shot by Michael Grabner.
15:44 of 3rd period - Shot Blocked by Samuel Morin.
15:46 of 3rd period - Wrist shot by Michael Grabner.
15:46 of 3rd period - Shot Blocked by Drew Shore.
15:48 of 3rd period - Slapshot by Ben Chiarot.
15:48 of 3rd period - Deflect By Sidney Crosby.
15:48 of 3rd period - Stopped by Carey Price with a rebound.
16:06 of 3rd period - Ben Chiarot is hit by Brandon Montour and loses puck.
16:17 of 3rd period - Drew Shore is hit by Paul Ladue.
16:26 of 3rd period - Josh Morrissey is hit by Jake Guentzel and loses puck.
17:13 of 3rd period - Wrist shot by Sidney Crosby.
17:13 of 3rd period - Stopped by Carey Price with a rebound.
17:25 of 3rd period - Wrist shot by Michael Grabner.
17:25 of 3rd period - Shot Blocked by Drew Shore.
17:27 of 3rd period - Slapshot by Paul Ladue.
17:27 of 3rd period - Stopped by Carey Price without a rebound.
17:28 of 3rd period - Evgeny Kuznetsov wins face-off versus Nick Schmaltz in Blues zone.
18:06 of 3rd period - Wrist shot by Nikolaj Ehlers.
18:06 of 3rd period - Shot Blocked by Alex Chiasson.
18:16 of 3rd period - Seth Jones is hit by Henrik Borgstrom and loses puck.
18:21 of 3rd period - Wrist shot by Scott Kosmachuck.
18:21 of 3rd period - Shot Blocked by Teuvo Teravainen.
18:23 of 3rd period - Wrist shot by Henrik Borgstrom.
18:23 of 3rd period - Shot Misses the Net.
18:49 of 3rd period - Stars, Matt Murray is pulled from the net.
19:03 of 3rd period - Icing by Marko Dano.
19:04 of 3rd period - Tobias Rieder wins face-off versus Adam Henrique in Blues zone.
19:13 of 3rd period - Slapshot by Alex Chiasson.
19:13 of 3rd period - Stopped by Carey Price without a rebound.
19:14 of 3rd period - Barry Trotz call a timeout for Stars.
19:14 of 3rd period - Tobias Rieder wins face-off versus Drew Shore in Blues zone.
19:17 of 3rd period - Snap shot by Adam Tambellini.
19:17 of 3rd period - Stopped by Carey Price with a rebound.
19:39 of 3rd period - Snap shot by Drew Shore.
19:39 of 3rd period - Shot Misses the Net.
19:41 of 3rd period - Snap shot by Luke Glendening.
19:41 of 3rd period - Goal by Luke Glendening - Blues : 2 - Stars : 0.
19:41 of 3rd period - Matt Murray from Stars was sent back in the game.
19:42 of 3rd period - Evgeny Kuznetsov wins face-off versus Devin Shore in neutral zone.
19:53 of 3rd period - Wrist shot by David Perron.
19:53 of 3rd period - Shot Blocked by Andrej Sustr.
19:55 of 3rd period - Slapshot by Josh Morrissey.
19:55 of 3rd period - Stopped by Matt Murray without a rebound.
19:56 of 3rd period - Devin Shore wins face-off versus Evgeny Kuznetsov in Stars zone.
Goals for this period are 2 for Blues vs 0 for Stars.
Shots for this period are 11 for Blues vs 13 for Stars.